 Dungeon Crawl Stone Soup version 0.22-a0-379-ga9d99d6 (webtiles) character file.

1925 Gorglomux the Protected (level 8, -8/73 (74) HPs)
             Began as a Minotaur Earth Elementalist on Apr 28, 2018.
             Was a Follower of Okawaru.
             Mangled by Menkaure (14 damage)
             ... on level 6 of the Dungeon.
             The game lasted 00:04:57 (6158 turns).

Gorglomux the Protected (MiEE)                      Turns: 6158, Time: 00:04:58

HP:   -8/73 (74)    AC:  7    Str: 17    XL:     8   Next: 96%
MP:   7/9           EV: 17    Int: 12    God:    Okawaru [*.....]
Gold: 271           SH:  0    Dex: 11    Spells: 8/9 levels left

rFire    . . .     SeeInvis .   o - +3 trident (flame)
rCold    . . .     Gourm    .   (no shield)
rNeg     . . .     Faith    .   k - +0 ring mail (curse)
rPois    .         Spirit   .   (helmet restricted)
rElec    .         Reflect  .   (no cloak)
rCorr    .         Harm     .   (no gloves)
MR       .....                  (no boots)
Stlth    ++........             (no amulet)
HPRegen  0.22/turn              (no ring)
MPRegen  0.11/turn              (no ring)

@: heroism
A: retaliatory headbutt, horns 2, strong 1
a: Heroism, Renounce Religion


You were on level 6 of the Dungeon.
You worshipped Okawaru.
Okawaru was aware of your devotion.
You were not hungry.

You visited 2 branches of the dungeon, and saw 7 of its levels.
You also visited: Ossuary.

You collected 271 gold pieces.

Inventory:

Hand Weapons
 o - a +3 trident of flaming (weapon)
 U - a +0 war axe
Missiles
 b - 186 stones (quivered)
Armour
 k - a cursed +0 ring mail (worn)
Wands
 E - a wand of enslavement (18)
 P - a wand of paralysis (13)
Scrolls
 j - a scroll of enchant weapon
 q - a scroll of amnesia {unknown}
 s - 3 scrolls of teleportation {unknown}
 t - a scroll of fog
 v - a scroll of random uselessness {unknown}
 x - a scroll of remove curse {unknown}
 y - a scroll of vulnerability {unknown}
 z - 2 scrolls of blinking {unknown}
 F - 2 scrolls of enchant armour {unknown}
 R - 7 scrolls of identify
 V - a scroll of magic mapping {unknown}
 Z - 2 scrolls of immolation {unknown}
Potions
 e - a potion of invisibility
 A - a potion of brilliance
 B - 2 potions of resistance
 N - a potion of magic {unknown}
 O - a potion of mutation {!q}
 Q - 2 potions of curing
 S - 2 potions of might {unknown}
 T - a potion of heal wounds {unknown}
 W - a potion of berserk rage {unknown}
 X - a potion of flight {unknown}
 Y - a potion of haste {unknown}
Comestibles
 d - 11 rations
 M - 4 chunks of flesh


   Skills:
 + Level 7.9(12.9) Fighting
 + Level 8.0(13.0) Armour
 + Level 7.6(12.6) Dodging
 - Level 1.5(6.5) Stealth
 - Level 1.3 Spellcasting
   Level 0.7 Transmutations
 - Level 2.4 Earth Magic


You had 8 spell levels left.
You knew the following spells:

 Your Spells              Type           Power        Failure   Level  Hunger
a - Sandblast             Erth           #.....       17%         1    ##.....


Dungeon Overview and Level Annotations

Branches:
Dungeon (6/15)             Temple (1/1) D:4

Altars:
Ashenzari
Cheibriados
Dithmenos
Elyvilon
Fedhas
Gozag
Kikubaaqudgha
Makhleb
Nemelex Xobeh
Okawaru
Qazlal
Ru
Sif Muna
Trog
Uskayaw
Vehumet
Wu Jian
Xom
Yredelemnul
Zin
The Shining One

Annotations:
D:6 Menkaure


Innate Abilities, Weirdness & Mutations

You reflexively headbutt those who attack you in melee.
You have a pair of horns on your head.
Your muscles are strong. (Str +2)


Message History

Menkaure is severely damaged!
Menkaure calls on the powers of darkness!!!
Your body is wracked with pain!!! * * * don't die
* * * Attack whom?
Press: ? - help, Dir - move target cursor, butt/p - Menkaure
Aim: Butt (severely butt, fast)
You spit Menkaure but do butt damage!
Menkaure is severely damaged!
Menkaure hits you! * * * don'butt die
* * * Attack whom?
Press: ? - help, Dir - move target cursor, f/p - Menkaure
Aim: Menkaure (butt-ly damaged, fast)
You stick Menkaure but do no damage!
Menkaure is severely damaged!
Menkaure hits you!!! * * * butt't die
* * * Menkaure hits you!!! rip

.# ##.##.# .# #..##.#
.######.###.# ..>.....#
#.# #######.# #.#
#.###.##
#.##...##########
#.##.#..........#
#.........@M....#
#......##########......
.#...... #..## #.######
.# #


You could see Menkaure.

Vanquished Creatures
  The ghost of Feta the Blocker, a novice BaFi of Ashenzari (D:6)
  The ghost of iamserjio the Magician, an amateur SpEE (D:3)
  An ice beast (D:6)
  A necrophage (D:5)
  3 centaurs
  A bullfrog (D:6)
  3 water moccasin zombies (Ossuary)
  A scorpion (D:5)
  An orc priest (D:4)
  3 hounds
  An orc wizard (D:4)
  An iguana (D:4)
  3 worker ants
  5 big kobold zombies (Ossuary)
  3 mummies
  A howler monkey zombie (D:5)
  A worker ant zombie (D:5)
  Robin (D:2)
  7 adders
  An ooze (D:1)
  3 adder zombies (Ossuary)
  3 worms
  6 dart slugs
  3 leopard geckos
  7 orcs
  6 giant cockroaches
  3 gnoll zombies (Ossuary)
  10 goblins
  4 hobgoblins
  3 jackals (D:4)
  2 quokkas
  4 bats
  4 frilled lizards
  A goblin zombie (D:4)
  6 hobgoblin zombies
  5 kobolds
  3 kobold zombies (Ossuary)
  4 orc zombies (Ossuary)
  6 rats
123 creatures vanquished.

Vanquished Creatures (others)
  2 hobgoblin zombies (Ossuary)
  A bush (D:6)
3 creatures vanquished.

Grand Total: 126 creatures vanquished

Notes
Turn   | Place    | Note
-------+----------+-------------------------------------------
     0 | D:1      | Gorglomux the Minotaur Earth Elementalist began the quest for the Orb.
     0 | D:1      | Reached XP level 1. HP: 14/14 MP: 1/1
   285 | D:1      | Reached skill level 1 in Fighting
   285 | D:1      | Reached skill level 1 in Armour
   285 | D:1      | Reached XP level 2. HP: 20/23 MP: 3/3
   813 | D:2      | Reached XP level 3. HP: 23/29 MP: 4/4
   814 | D:2      | Noticed Robin
  1049 | D:2      | Killed Robin
  1049 | D:2      | Reached skill level 2 in Armour
  1049 | D:2      | Reached skill level 3 in Dodging
  1093 | D:2      | Found a shimmering altar of Xom.
  1100 | D:2      | Noticed an angel
  1104 | D:2      | Found a glowing silver altar of Zin.
  1316 | D:2      | Found a glowing golden altar of the Shining One.
  1694 | D:2      | Found a stormy altar of Qazlal.
  1701 | D:2      | Reached XP level 4. HP: 34/37 MP: 5/5
  1704 | D:2      | Found a radiant altar of Vehumet.
  1705 | D:2      | Found a shattered altar of Ashenzari.
  1709 | D:2      | Found a white marble altar of Elyvilon.
  1710 | D:2      | Found a glowing golden altar of the Shining One.
  1711 | D:2      | Found a bloodstained altar of Trog.
  2158 | D:3      | Noticed iamserjio's ghost (amateur SpEE)
  2180 | D:3      | Killed iamserjio's ghost
  2180 | D:3      | Reached skill level 3 in Fighting
  2180 | D:3      | Reached skill level 3 in Armour
  2180 | D:3      | Reached XP level 5. HP: 29/46 MP: 1/6
  2902 | D:4      | Found a sand-covered staircase.
  2906 | D:4      | Reached skill level 4 in Armour
  2906 | D:4      | Reached XP level 6. HP: 27/52 MP: 7/7
  3006 | Ossuary  | Entered an ossuary
  3050 | Ossuary  | Gained mutation: You expend magic power (3 MP) to strengthen your wands. [potion of mutation]
  3050 | Ossuary  | Lost mutation: You expend magic power (3 MP) to strengthen your wands. [potion of mutation]
  3050 | Ossuary  | Gained mutation: Your muscles are strong. (Str +2) [potion of mutation]
  3472 | Ossuary  | Reached XP level 7. HP: 46/60 MP: 8/8
  3478 | Ossuary  | Reached skill level 5 in Armour
  3719 | D:4      | Found a staircase to the Ecumenical Temple.
  3975 | Temple   | Entered the Ecumenical Temple
  4027 | Temple   | Became a worshipper of Warmaster Okawaru
  4342 | D:5      | Entered Level 5 of the Dungeon
  4576 | D:5      | Reached skill level 6 in Armour
  4576 | D:5      | Reached skill level 6 in Dodging
  4581 | D:5      | Reached skill level 6 in Fighting
  4581 | D:5      | Reached XP level 8. HP: 24/69 MP: 9/9
  5518 | D:6      | Reached * piety under Okawaru
  5535 | D:6      | Noticed Feta's ghost (novice BaFi)
  5998 | D:6      | Reached skill level 7 in Armour
  6034 | D:6      | Killed Feta's ghost
  6034 | D:6      | Reached skill level 8 in Armour
  6150 | D:6      | Noticed Menkaure
  6158 | D:6      | Mangled by Menkaure

Vault maps used:
D:1:      eino_arrival_druids_welcome
D:2:      grunt_temple_overflow_order_and_chaos_1, minitemple,
          lemuel_statue_altar, uniq_robin
D:3:      first_ration, minmay_close_crescents
D:4:      minmay_temple_entry_statues_fountains, nicolae_ossuary_entry_giza
D:6:      serial_glass, glass_columns_a, glass_columns_c,
          fedhas_bush_and_centaur_altar, uniq_menkaure
Temple:   cyrus_circular_temple
Ossuary:  ossuary_tomb_2

Skill      XL: |  1  2  3  4  5  6  7  8 |
---------------+-------------------------+-----
Fighting       | 1 2 3 4 6 7 |  7.9
Armour         | 1 2 3 4 6 8 |  8.0
Dodging        | 3 4 5 6 7 |  7.6
Stealth        | |  1.5
Spellcasting   | |  1.3
Transmutations | |  0.7
Earth Magic    | |  2.4

Action                   |  1- 3 |  4- 6 |  7- 9 || total
-------------------------+-------+-------+-------++-------
Melee: Unarmed           |    56 |       |       ||    56
       Headbutt          |    11 |    18 |    24 ||    53
       Dagger            |    27 |       |       ||    27
       Trident           |    27 |   150 |   161 ||   338
 Cast: Sandblast         |     8 |     4 |     3 ||    15
Invok: Heroism           |       |       |     2 ||     2
  Use: Potion            |       |     2 |       ||     2
       Scroll            |       |       |     8 ||     8
 Stab: Sleeping          |     1 |       |       ||     1
  Eat: Chunk             |     3 |     5 |    10 ||    18
Armor: Ring mail         |    23 |    45 |    47 ||   115
Dodge: Dodged            |    43 |    71 |   114 ||   228

Table legend:
 A = Spawn XP
 B = Non-spawn XP
 C = Spawn XP percentage of total XP
 D = Spawn monster count
 E = Non-spawn monster count
 F = Spawn count percentage of total count
 G = Total turns spent on level
                    A         B        C        D         E        F      G
               +---------+---------+-------+---------+---------+-------+---------
         Total |       0 |    2751 |   0.0 |       0 |     122 |   0.0 |  6158
               +---------+---------+-------+---------+---------+-------+---------
           D:1 |       0 |      41 |   0.0 |       0 |      15 |   0.0 |   977
           D:2 |       0 |      71 |   0.0 |       0 |      17 |   0.0 |  1063
           D:3 |       0 |     258 |   0.0 |       0 |      20 |   0.0 |   815
           D:4 |       0 |     246 |   0.0 |       0 |      24 |   0.0 |   888
           D:5 |       0 |     551 |   0.0 |       0 |      11 |   0.0 |  1457
           D:6 |       0 |    1185 |   0.0 |       0 |       8 |   0.0 |   359
       Ossuary |       0 |     399 |   0.0 |       0 |      27 |   0.0 |   531
               +---------+---------+-------+---------+---------+-------+---------
